 Dungeon Sprint DCSS version 0.30.1-11-g7821555f0a (webtiles) character file.

Game seed: 5095773110170012044

38 Groucho the Grasshopper (level 3, -5/34 HPs)
             Began as a Naga Warper on Dec 16, 2023.
             Was a Believer of Cheibriados.
             Killed from afar by Sigmund (11 damage)
             ... with a magic dart
             ... in the Dungeon (Sprint VII: "The Pits").
             The game lasted 00:03:23 (1714 turns).

Groucho the Grasshopper (Naga Warper)               Turns: 1714, Time: 00:03:23

Health: -5/34      AC:  2    Str: 19    XL:     3   Next: 43%
Magic:  7/7        EV: 10    Int: 21    God:    Cheibriados [**....]
Gold:   0          SH:  0    Dex: 16    Spells: 7/7 levels left

rFire   . . .        a - +2 hand axe
rCold   . . .        (no shield)
rNeg    . . .        b - +0 leather armour
rPois   +            (no helmet)
rElec   .            (no cloak)
rCorr   .            (no gloves)
SInv    +            (no barding)
Will    .....        (no amulet)
Stlth   +            (no ring)
HPRegen 0.25/turn    (no ring)
MPRegen 0.10/turn

%: no teleportation
@: invisible, very slow
A: AC +1, large, see invisible, deformed body, poison resistance, slowness 2,
spit poison 1, naga tail 1
a: Spit Poison, Renounce Religion, Bend Time


You were in the Dungeon.
You worshipped Cheibriados.
Cheibriados was pleased with you.
You visited 1 branch

Inventory:

Hand Weapons
 a - a +2 hand axe (weapon)
 j - a +2 mace
Missiles
 d - 7 boomerangs of dispersal (quivered)
 o - 10 stones
Armour
 b - a +0 leather armour (worn)
Scrolls
 c - 2 scrolls of blinking
 l - 5 scrolls of amnesia
 m - a scroll of summoning
 n - 2 scrolls of vulnerability
Potions
 g - a potion of haste
 h - 4 potions of magic
 i - 2 potions of berserk rage
 k - a potion of invisibility


   Skills:
 - Level 3.0 Fighting
 + Level 3.1 Axes
 - Level 0.8 Throwing
 + Level 2.0 Armour
 + Level 2.6 Dodging
 + Level 2.9 Spellcasting
 + Level 3.9 Translocations
 + Level 2.1 Invocations


You had 7 spell levels left.
You didn't know any spells.
Your spell library contained the following spells:

 Spells                   Type           Power      Damage    Failure   Level
 Blink                    Tloc           38%        N/A       4%          2
 Lesser Beckoning         Tloc           38%        N/A       4%          2
 Teleport Other           Tloc           19%        N/A       10%         3
 Vhi's Electric Charge    Tloc/Air       22%        N/A       22%         3
 Manifold Assault         Tloc           19%        N/A       32%         4


Dungeon Overview and Level Annotations

Branches:
Dungeon (1/1)

Altars:
Ashenzari
Cheibriados
Dithmenos
Elyvilon
Fedhas
Gozag
Hepliaklqana
Kikubaaqudgha
Makhleb
Nemelex Xobeh
Okawaru
Qazlal
Ru
Sif Muna
Trog
Uskayaw
Vehumet
Wu Jian
Xom
Yredelemnul
Zin
The Shining One
Jiyva
Lugonu

Annotations:
D Sigmund


Innate Abilities, Weirdness & Mutations

Your serpentine skin is tough. (AC +1)
You have supernaturally acute eyesight. (SInv)
Armour fits poorly on your strangely shaped body.
Your system is resistant to poisons. (rPois)
You cover ground very slowly.
You can spit poison.
You have a snake-like lower body.


Message History

You start waiting.
You can no longer warp the flow of time around you.
There is an open door here.
You see here a +0 club.
Sigmund shouts!
There is an open door here.
You see here a +0 club.
There is an open door here.
Sigmund gestures at you while chanting. The puff of flame hits you.
Sigmund closely misses you.
Sigmund points at you and mumbles some strange words.
The magic dart hits you.
There is an open door, spattered with blood here.
Sigmund hits you with a +0 scythe. x2
You barely miss Sigmund. You hit Sigmund.
Sigmund is lightly wounded.
Sigmund misses you.
You barely miss Sigmund.
Sigmund is lightly wounded.
Sigmund hits you with a +0 scythe!
* * * LOW HITPOINT WARNING * * *
Unknown command.
Unknown command.
Okay, then.
Press: ? - help, v - describe, . - travel
Here: Sigmund, wielding a +0 scythe and wearing a +1 robe of the Archmagi (lightly wounded)
The floor.
You fade into invisibility!
Unknown command.
Sigmund points at something and mumbles some strange words.
There is an open door, spattered with blood here.
You aren't carrying any items that you can evoke.
Unknown command.
Okay, then.
Sigmund flickers, as though insubstantial.
Sigmund points at you and mumbles some strange words.
The magic dart hits you!
You die...

############
#_________.#
#_________.#
#_______...###########++
##########'##...........
#....').)).##......#..#.
##########.##...........
#......@....'...........
#+#####'#####......#..#.
#...#@# #...........
#..)#.# ####'#####++
#..)'.# #.......#
##'#### #.......#
#.....# #.......#
#.....# #...<...#
#....@.r #.......#


You could see Sigmund (unable to see you).

Vanquished Creatures
  A gnoll (D)
  A river rat (D)
  An adder (D)
  An ufetubus (D)
  An orc (D)
  An endoplasm (D)
  A ball python skeleton (D)
7 creatures vanquished.

Notes
Turn   | Place    | Note
-------+----------+-------------------------------------------
     0 | D        | Groucho the Naga Warper began the quest for the Orb.
     0 | D        | Reached XP level 1. HP: 19/19 MP: 3/3
    16 | D        | Reached skill level 1 in Armour
   272 | D        | Found a bloodstained altar of Trog.
   272 | D        | Found a shimmering blue altar of Sif Muna.
   272 | D        | Found a viscous altar of Jiyva.
   272 | D        | Found a hazy altar of Hepliaklqana.
   272 | D        | Found an opulent altar of Gozag.
   273 | D        | Found a glowing golden altar of the Shining One.
   273 | D        | Found a glowing silver altar of Zin.
   273 | D        | Found a basalt altar of Yredelemnul.
   273 | D        | Found a shimmering altar of Xom.
   273 | D        | Found an ornate altar of the Wu Jian Council.
   273 | D        | Found a sacrificial altar of Ru.
   273 | D        | Found a stormy altar of Qazlal.
   273 | D        | Found an iron altar of Okawaru.
   273 | D        | Found a sparkling altar of Nemelex Xobeh.
   273 | D        | Found a burning altar of Makhleb.
   273 | D        | Found a blossoming altar of Fedhas.
   273 | D        | Found a white marble altar of Elyvilon.
   273 | D        | Found a shadowy altar of Dithmenos.
   273 | D        | Found a snail-covered altar of Cheibriados.
   275 | D        | Found a radiant altar of Vehumet.
   275 | D        | Found a corrupted altar of Lugonu.
   276 | D        | Found a hide-covered altar of Uskayaw.
   276 | D        | Found an ancient bone altar of Kikubaaqudgha.
   276 | D        | Found a broken altar of Ashenzari.
   286 | D        | Became a worshipper of Cheibriados the Contemplative
   311 | D        | Reached skill level 1 in Invocations
   311 | D        | Reached XP level 2. HP: 20/27 MP: 3/5
   311 | D        | Reached * piety under Cheibriados
   674 | D        | Reached ** piety under Cheibriados
   675 | D        | Reached XP level 3. HP: 23/33 MP: 7/7
  1321 | D        | Noticed Sigmund
  1331 | D        | Reached *** piety under Cheibriados
  1714 | D        | Killed from afar by Sigmund

Illustrated notes

Levels and vault maps discovered:
D:        pitsprint [storerooms_1, entrance_room_1, metal_vault_4, armoury_2,
          mini_pit_1, grid_room_1, main_hall_1, silver_pit, the_coven_2,
          the_vestibule_1, steel_vault_4, golden_pit, hallway_of_sentries,
          crystal_vault_1, iron_vault_1, final_vault]

Skill      XL: |  1  2  3 |
---------------+----------+-----
Armour         | 1 2 |  2.0
Dodging        | 2 |  2.6
Invocations    | 1 2 |  2.1
Axes           | 3 |  3.1
Fighting       | 3 |  3.0
Throwing       | |  0.8
Spellcasting   | |  2.9
Translocations | |  3.9

Action                     || total
---------------------------++-------
  Melee: Hand axe          ||    32
    Use: Potion            ||     4
 Armour: Leather armour    ||     4
  Dodge: Dodged            ||    21
